 Dungeon Crawl Stone Soup version 0.21.1-1-g345015f (webtiles) character file.

14 glosham the Charlatan (level 2, -1/18 HPs)
             Began as a Kobold Artificer on May 12, 2018.
             Slain by a goblin
             ... wielding a +0 club
              (5 damage)
             ... on level 2 of the Dungeon.
             The game lasted 00:05:01 (422 turns).

glosham the Charlatan (Kobold Artificer)             Turns: 422, Time: 00:05:02

Health: -1/18      AC:  3    Str:  9    XL:     2   Next: 55%
Magic:  4/4        EV: 14    Int: 12    God:
Gold:   34         SH:  0    Dex: 15    Spells: 1/1 levels left

rFire    . . .     SeeInvis .   a - +0 short sword
rCold    . . .     Gourm    .   (shield restricted)
rNeg     . . .     Faith    .   b - +0 leather armour
rPois    .         Spirit   .   (no helmet)
rElec    .         Reflect  .   (no cloak)
rCorr    .         Harm     .   (no gloves)
MR       .....                  (no boots)
Stlth    ++........             (no amulet)
HPRegen  0.06/turn              (no ring)
MPRegen  0.09/turn              (no ring)

@: no status effects
A: small, carnivore
a: no special abilities


You were on level 2 of the Dungeon.
You were very full.

You visited 1 branch of the dungeon, and saw 2 of its levels.

You collected 34 gold pieces.

Inventory:

Hand Weapons
 a - a +0 short sword (weapon)
Missiles
 g - 26 stones (quivered)
Armour
 b - a +0 leather armour (worn)
 h - a +0 robe
Wands
 c - a wand of flame (15)
 d - a wand of enslavement (14)
 e - a wand of random effects (8)
Scrolls
 i - a scroll of teleportation {unknown}
Comestibles
 f - 2 rations


   Skills:
 * Level 2.6 Fighting
 - Level 1.3 Short Blades
 - Level 2.4 Dodging
 - Level 1.3 Stealth
 - Level 3.6 Evocations


You had one spell level left.
You didn't know any spells.

Dungeon Overview and Level Annotations

Branches:
Dungeon (2/15)

Altars:


Innate Abilities, Weirdness & Mutations

You are small and have problems with some larger weapons.
You are carnivorous and can eat meat at any time.


Message History

Aim: a centaur zombie (heavily damaged)
The puff of flame hits the centaur zombie.
The centaur zombie is severely damaged.
The centaur zombie disappears!
A jackal comes into view.
Evoke which item? (* to show all) (? for menu, Esc to quit)
Aiming: Random Effects
Press: ? - help, Shift-Dir - straight line, f - jackal
Aim: a jackal (hasn't noticed you) Nothing appears to happen.
The jackal barks!
Evoke which item? (* to show all) (? for menu, Esc to quit)
Aiming: Random Effects
Press: ? - help, Shift-Dir - straight line, f - jackal
Aim: a jackal The jackal looks slightly unstable.
Evoke which item? (* to show all) (? for menu, Esc to quit)
Aiming: Random Effects
Press: ? - help, Shift-Dir - straight line, f/p - jackal
Aim: a jackal The bolt of negative energy misses the jackal.
The jackal disappears!
A jackal comes into view.
Evoke which item? (* to show all) (? for menu, Esc to quit)
Aiming: Random Effects
Press: ? - help, Shift-Dir - straight line, f - jackal
Aim: a jackal (hasn't noticed you)
The bolt of poison hits the jackal.
The jackal is poisoned.
You kill the jackal!
A goblin comes into view. It is wielding a club.
The goblin shouts!
The goblin closely misses you.
You closely miss the goblin. You hit the goblin.
The goblin is severely wounded.
The goblin hits you but does no damage.
You hit the goblin but do no damage.
The goblin is severely wounded.
The goblin hits you with a club.
You die...

### #.. #.# #.#
######################.#
......g@...............#
########################
###### ...... ######
..... #####


You could see a goblin.

Vanquished Creatures
  A leopard gecko (D:1)
  3 bats (D:1)
  A giant cockroach (D:1)
  3 jackals
  A kobold (D:1)
  A frilled lizard (D:1)
10 creatures vanquished.

Vanquished Creatures (collateral kills)
  A frilled lizard (D:2)
1 creature vanquished.

Grand Total: 11 creatures vanquished

Notes
Turn   | Place    | Note
-------+----------+-------------------------------------------
     0 | D:1      | glosham the Kobold Artificer began the quest for the Orb.
     0 | D:1      | Reached XP level 1. HP: 12/12 MP: 3/3
   143 | D:1      | Reached skill level 2 in Fighting
   143 | D:1      | Reached XP level 2. HP: 17/17 MP: 4/4
   367 | D:2      | HP: 1/18 [centaur zombie (6)]
   422 | D:2      | Slain by a goblin

Skill      XL: |  1 |
---------------+----+-----
Fighting       | 2 |  2.6
Short Blades   | |  1.3
Dodging        | |  2.4
Stealth        | |  1.3
Evocations     | |  3.6

Action                   || total
-------------------------++-------
Melee: Short sword       ||    38
Evoke: Wand              ||     8
 Stab: Sleeping          ||     1
  Eat: Chunk             ||     6
Armor: Leather armour    ||     8
Dodge: Dodged            ||    23

Table legend:
 A = Turns spent in this place as a percentage of turns spent in the entire game.
 B = Non-inter-level travel turns spent in this place as a percentage of non-inter-level travel turns spent in the entire game.
 C = Inter-level travel turns spent in this place as a percentage of turns spent in this place.
 D = Turns resting spent in this place as a percentage of non-inter-level travel turns spent in this place.
 E = Turns spent auto-exploring this place as a percentage of non-inter-level travel turns spent in this place.
 F = Non-inter-level travel turns spent in this place divided by the number of levels of this place that you've seen.
                   A       B       C       D       E      F
               +-------+-------+-------+-------+-------+----------------------
         Total | 100.0 | 100.0 |  12.6 |   0.0 |   0.0 | 184.5
       Dungeon | 100.0 | 100.0 |  12.6 |   0.0 |   0.0 | 184.5
               +-------+-------+-------+-------+-------+----------------------

Table legend:
 A = Kills in this place as a percentage of kills in entire the game.
 B = Kills by you in this place as a percentage of kills by you in the entire game.
 C = Kills by friends in this place as a percentage of kills by friends in the entire game.
 D = Other kills in this place as a percentage of other kills in the entire game.
 E = Experience gained in this place as a percentage of experience gained in the entire game.
 F = Experience gained in this place divided by the number of levels of this place that you have seen.
                   A       B       C       D       E      F
               +-------+-------+-------+-------+-------+----------------------
         Total | 100.0 | 100.0 | 100.0 |   N/A | 100.0 |  10.0
       Dungeon | 100.0 | 100.0 | 100.0 |   N/A | 100.0 |  10.0
               +-------+-------+-------+-------+-------+----------------------

Vault maps used:
D:1:      denvon_arrival_waterhouse
D:2:      uniq_natasha
